[Event "*** Titled Tuesday Blitz"]
[Site "Chess.com"]
[Date "2020.05.12"]
[Round "1"]
[White "kuba2006"]
[Black "sergiochess83"]
[Result "0-1"]
[WhiteElo "2425"]
[BlackElo "2820"]
[TimeControl "180+1"]
[EndTime "10:07:20 PDT"]
[Termination "sergiochess83 won on time"]

1. e4 c5 2. Nf3 d6 3. d4 cxd4 4. Qxd4 Nf6 5. Nc3 a6 6. Bg5 Nc6 7. Qd2 e6 8. O-O-O Be7 9. Nd4 Bd7 10. Kb1 O-O 11. f4 b5 12. Bxf6 Bxf6 13. Nxc6 Bxc6 14.
Bd3 Rc8 15. Ne2 Qb6 16. g4 g6 17. h4 b4 18. h5 a5 19. Qe1 g5 20. Qd2 h6 21.
Rhf1 gxf4 22. Qxf4 Bg7 23. g5 Qc5 24. Rg1 Qe5 25.
Qc1 Kh8 26. gxh6 Bf6 27. Nf4 a4 28. Rdf1 a3 29. Ng6+ fxg6 30. hxg6 Kg8 31. g7 Rf7 32. Rh1 Qxb2+ 33. Qxb2 Bxb2 34. h7+ Kxg7 35. Rfg1+ Kh8 0-1

[Event "*** Titled Tuesday Blitz"]
[Site "Chess.com"]
[Date "2020.05.12"]
[Round "1"]
[White "Steven_Rojas"]
[Black "LionTheLeon_06"]
[Result "0-1"]
[WhiteElo "2356"]
[BlackElo "2691"]
[TimeControl "180+1"]
[EndTime "10:07:20 PDT"]
[Termination "LionTheLeon_06 won on time"]

1. c4 Nf6 2. Nc3 e6 3. e4 d5 4. e5 d4 5. exf6 dxc3 6. bxc3 Qxf6 7. Nf3 b6 8. d4 Bb7 9. Be2 Nd7 10. O-O h6 11. a4 Bd6 12. Rb1 O-O 13. c5 Bf4 14. Ba3 Rfd8 15. g3 e5 16. gxf4 Qxf4 17.
Bc1 Qg4+ 18. Kh1 Nxc5 19. Rg1 Qh5 20. Be3 Ne4 21. Rc1 c5 22. Rg2 exd4 23. cxd4 Qh3 24. Qg1 g6 25. dxc5 bxc5 26. Rxg6+ fxg6 27. Qxg6+ Kh8 28. Bxh6 Nxf2+ 29. Kg1 Qg4+ 30. Qxg4 Nxg4 31. Bg5 Rg8 32. Rxc5 Nf6 0-1

[Event "*** Titled Tuesday Blitz"]
[Site "Chess.com"]
[Date "2020.05.12"]
[Round "1"]
[White "Matalon"]
[Black "ChessQueen"]
[Result "1-0"]
[WhiteElo "2341"]
[BlackElo "2631"]
[TimeControl "180+1"]
[EndTime "10:07:20 PDT"]
[Termination "Matalon won by checkmate"]

1. e4 c6 2. d4 d5 3. Nd2 dxe4 4. Nxe4 Nf6 5. Nxf6+ exf6 6. c3 Bd6 7. Bd3 O-O 8. Qc2 Re8+ 9. Ne2 h5 10. Be3 Nd7 11.
O-O-O Nf8 12. Kb1 Be6 13. c4 Rc8 14. Nf4 Bxf4 15. Bxf4 b5 16. c5 Qd5 17. b3 f5 18. g3 a5 19. Rhe1 Ng6 20. Bd6 a4 21. b4 Qxd4 22. Qd2 a3 23. Be2 Qf6 24. Bxh5 f4 25.
Be2 Bf5+ 26. Bd3 Ne5 27. Bxe5 Rxe5 28. Rxe5 Bxd3+ 29. Qxd3 Qxe5 30. Qd4 Qe2 31. Rd2 Qe1+ 32. Kc2 fxg3 33. hxg3 Re8 34. g4 Qf1 35. Kb3 Qh3+ 36. Rd3 Qg2 37. Kxa3 Re2 38. Qd8+ Kh7 39. Qh4+ Kg6 40.
Qh5+ Kf6 41. Qf5+ Ke7 42. Rd7+ Kf8 43. Qxf7# 1-0

[Event "*** Titled Tuesday Blitz"]
[Site "Chess.com"]
[Date "2020.05.12"]
[Round "1"]
[White "SPEEDSKATER"]
[Black "Andrii_Prydun"]
[Result "1-0"]
[WhiteElo "2767"]
[BlackElo "2405"]
[TimeControl "180+1"]
[EndTime "10:07:21 PDT"]
[Termination "SPEEDSKATER won by checkmate"]

1. d4 d5 2. c4 c6 3. Nf3 Nf6 4. e3 e6 5. b3 Nbd7 6. Bb2 Bb4+ 7. Nbd2 Ne4 8. a3 Bxd2+ 9. Nxd2 Nxd2 10. Qxd2 Nf6 11.
Bd3 O-O 12. O-O b6 13. Rac1 Bb7 14. Qe2 Re8 15. a4 a5 16. Rc2 Qe7 17. Rfc1 Qb4 18. Bc3 Qxb3 19. Rb2 Qa3 20. Qc2 Ba6 21. Rxb6 Bxc4 22. Bxc4 dxc4 23. Rxc6 Rac8 24. Rxc8 Rxc8 25. Bxa5 Ra8 26. Be1 Rxa4 27. e4 Nxe4 28. Rb1 f5 29. Rb8+ Kf7 30. Rb7+ Kf8 31. Qb1 Qa1 32. Rb8+ Kf7 33.
Rb7+ Kg6 34. f3 Nd6 35. Rb6 Qxb1 36. Rxb1 Ra6 37. Kf2 Rc6 38. Ke3 Nc8 39. Ba5 Ne7 40. Kf4 Ra6 41. Be1 Kf6 42. Bh4+ Kf7 43. Rb7 g5+ 44.
Bxg5 e5+ 45. dxe5 Re6 46. Rc7 c3 47. Bxe7 Rxe7 48. Rxc3 Kg6 49. Rc6+ Kh5 50. g4+ fxg4 51. fxg4+ Kh4 52. Rh6# 1-0

[Event "*** Titled Tuesday Blitz"]
[Site "Chess.com"]
[Date "2020.05.12"]
[Round "1"]
[White "chito89"]
[Black "ajian"]
[Result "1-0"]
[WhiteElo "2752"]
[BlackElo "2398"]
[TimeControl "180+1"]
[EndTime "10:07:21 PDT"]
[Termination "chito89 won on time"]

1. d4 Nf6 2. c4 e6 3. Nf3 d5 4.
g3 dxc4 5. Bg2 a6 6. O-O b5 7.
Ne5 Nd5 8. a4 Bb7 9. e4 Nf6 10.
axb5 axb5 11. Rxa8 Bxa8 12. Nc3 c6 13. Be3 Nbd7 14.
f4 Be7 15. b3 cxb3 16. Qxb3 O-O 17. Bh3 Nxe5 18. fxe5 Nd7 19. Ne2 Nb6 20. Nf4 Nc4 21.
Bf2 Qd7 22. Qd1 g6 23. Qe2 Bb7 24. Rd1 Qc7 25. Bxe6 fxe6 26. Nxe6 Qd7 27. Nxf8 Bxf8 28. Ra1 Bc8 29. Ra8 Qb7 30. Qa2 Kg7 31. d5 Kh8 32.
Ra7 Qb8 33. e6 Qe5 34. Ra8 Qc7 35. Qa1+ Bg7 36. Bd4 1-0

[Event "*** Titled Tuesday Blitz"]
[Site "Chess.com"]
[Date "2020.05.12"]
[Round "1"]
[White "willc-h99"]
[Black "vizumatv4hoda"]
[Result "0-1"]
[WhiteElo "2386"]
[BlackElo "2734"]
[TimeControl "180+1"]
[EndTime "10:07:21 PDT"]
[Termination "vizumatv4hoda won by resignation"]

1. c4 Nf6 2. g3 g6 3. Bg2 Bg7 4. Nc3 O-O 5. e4 d6 6. Nge2 c5 7. d3 Nc6 8. O-O Ne8 9. Be3 Nc7 10. d4 cxd4 11. Nxd4 Ne6 12. Nde2 Bd7 13. b3 Rc8 14. Qd2 Qa5 15. f4 Nc5 16. Rab1 Rfd8 17. b4 Nxb4 18. Nd5 Nxd5 19. Qxa5 Nxe3 20. Rf3 Nxc4 21. Qb4 Nxe4 22.
Rc1 d5 23. Rd3 Bf5 24. Nd4 Nc5 25. Nxf5 Nxd3 26. Nxe7+ Kh8 27. Qb1 Bd4+ 28. Kh1 Nf2+ 29. Kg1 Nd2 30. Rxc8 Rxc8 31. Qb4 Rc1+ 32. Bf1 Rxf1+ 33.
Kg2 Be3 34. Nxd5 Rg1+ 35. Kxg1 Nd3+ 36. Nxe3 Nxb4 0-1

[Event "*** Titled Tuesday Blitz"]
[Site "Chess.com"]
[Date "2020.05.12"]
[Round "1"]
[White "Loiacono_Antonio"]
[Black "Funo09"]
[Result "0-1"]
[WhiteElo "2384"]
[BlackElo "2730"]
[TimeControl "180+1"]
[EndTime "10:07:22 PDT"]
[Termination "Funo09 won by resignation"]

1. e4 c5 2. Nf3 Nf6 3. e5 Nd5 4. Nc3 e6 5. Nxd5 exd5 6. d4 Nc6 7. c3 d6 8. exd6 Bxd6 9. Be3 c4 10. Be2 O-O 11.
O-O b5 12. b3 Bf5 13. a4 Na5 14. b4 Nb3 15. Ra2 a5 16. bxa5 Qxa5 17. Nd2 bxa4 18. Nb1 Bxb1 19. Qxb1 Qxc3 20. Bf3 Ra5 21. Qf5 Nxd4 22. Bxd4 Qxd4 23. Rd1 Re8 24. g3 Qe5 25.
Qd7 Qe6 26. Qc6 Rc8 27. Qb7 Rb8 28. Qc6 Bf8 29. Qc7 Rbb5 30. Re2 Qd6 31. Qc8 Rb8 32. Qf5 g6 33. Qg5 h6 34. Qd2 Rc5 35. Bxd5 Rd8 36. Re8 Rxe8 37. Bxf7+ Kxf7 38. Qxd6 Bxd6 39. Rxd6 c3 40. Ra6 0-1

[Event "*** Titled Tuesday Blitz"]
[Site "Chess.com"]
[Date "2020.05.12"]
[Round "1"]
[White "Revnov"]
[Black "Ladislav1969"]
[Result "1-0"]
[WhiteElo "2655"]
[BlackElo "2331"]
[TimeControl "180+1"]
[EndTime "10:07:22 PDT"]
[Termination "Revnov won by resignation"]

1. e4 c5 2. Nf3 e6 3. d4 cxd4 4.
Nxd4 a6 5. Bd3 Nc6 6. Nxc6 dxc6 7. Nd2 e5 8. a4 Be6 9. O-O Nf6 10. Qe2 Bc5 11.
a5 O-O 12. Nc4 Bxc4 13. Bxc4 Bb4 14. Bg5 h6 15. Rfd1 Qe7 16. Bh4 Rfd8 17. Rxd8+ Rxd8 18. c3 Bc5 19. h3 Qd6 20. Kf1 Ba7 21. b4 Kf8 22. f3 Qd2 23. Qxd2 Rxd2 24. Be1 Rd7 25.
Ke2 Ke7 26. g3 Ne8 27. Bd3 Nd6 28. f4 f6 29. f5 Nc8 30. g4 c5 31. b5 axb5 32.
Bxb5 Rd8 33. Bc4 Nd6 34. Bd5 b5 35. Bf2 Rd7 36. a6 c4 37. Be1 Rc7 38. h4 Bc5 39.
Bd2 Ra7 40. g5 hxg5 41. hxg5 Kd7 42. g6 Kc7 43. Rh1 Kb6 44. Rh7 Kxa6 45. Bh6 gxh6 46. Rxa7+ Bxa7 47. g7 Nxf5 48. exf5 1-0

[Event "*** Titled Tuesday Blitz"]
[Site "Chess.com"]
[Date "2020.05.12"]
[Round "1"]
[White "MoonlighT89"]
[Black "DinaBelenkaya"]
[Result "1-0"]
[WhiteElo "2507"]
[BlackElo "2107"]
[TimeControl "180+1"]
[EndTime "10:07:22 PDT"]
[Termination "MoonlighT89 won on time"]

1. e4 c6 2. Nc3 d5 3. Nf3 dxe4 4.
Nxe4 Nf6 5. Nc3 Bg4 6. h3 Bh5 7. g4 Bg6 8. Bg2 e6 9. Ne5 Nbd7 10. Nxg6 hxg6 11. d4 Bd6 12. Qf3 Qc7 13. Be3 Nd5 14.
Ne4 Bf4 15. c4 Bxe3 16. fxe3 Nb4 17. O-O O-O 18. a3 Na6 19. b4 Qd8 20. Nd6 Rb8 21.
Rab1 Nc7 22. a4 e5 23. b5 cxb5 24. Nxb7 Qe7 25. axb5 Ne6 26. Na5 exd4 27. Nc6 Qc5 28. Nxb8 Rxb8 29. Qxf7+ Kh7 30. Qxe6 Nf6 31. exd4 Qxd4+ 32. Kh1 Re8 33. Qc6 Re3 34. Rbd1 Qb2 35. c5 Qb4 36. b6 Nxg4 37. hxg4 Qxg4 38. Qd6 Re5 39. Qxe5 1-0

[Event "*** Titled Tuesday Blitz"]
[Site "Chess.com"]
[Date "2020.05.12"]
[Round "1"]
[White "Sergey85Rodchenkov"]
[Black "Ariadna_Atreides"]
[Result "1-0"]
[WhiteElo "2498"]
[BlackElo "2083"]
[TimeControl "180+1"]
[EndTime "10:07:22 PDT"]
[Termination "Sergey85Rodchenkov won by checkmate"]

1. e4 c5 2. Nf3 d6 3. d4 cxd4 4. Nxd4 Nf6 5. Nc3 Nc6 6. Bg5 e6 7. Qd2 a6 8. f3 Bd7 9. O-O-O Be7 10. Be3 b5 11. Kb1 Qc7 12. g4 h6 13. h4 O-O-O 14.
Rg1 Kb7 15. g5 hxg5 16. hxg5 Ne8 17. g6 f6 18. Nxc6 Bxc6 19. Ne2 e5 20. Nc3 Kb8 21.
Nd5 Qb7 22. c4 Bxd5 23. cxd5 f5 24. Rc1 fxe4 25. fxe4 Nf6 26. Bd3 Rc8 27. a4 bxa4 28. Qa5 Rxc1+ 29. Rxc1 Rh2 30. Bd2 Qb3 31. Bc4 Qf3 32.
Qb6+ Ka8 33. Qxa6+ Kb8 34. Qb5+ Ka8 35. Qxa4+ Kb8 36.
Qb5+ Ka8 37. Rc3 Qxe4+ 38. Ka2 Rh1 39. Ra3# 1-0

[Event "*** Titled Tuesday Blitz"]
[Site "Chess.com"]
[Date "2020.05.12"]
[Round "1"]
[White "Bulldog167"]
[Black "TigranMukhutdinov"]
[Result "1-0"]
[WhiteElo "2844"]
[BlackElo "2434"]
[TimeControl "180+1"]
[EndTime "10:07:23 PDT"]
[Termination "Bulldog167 won by resignation"]

1. d4 Nf6 2. c4 g6 3. Nc3 d5 4.
Nf3 Bg7 5. Bg5 Ne4 6. cxd5 Nxg5 7. Nxg5 e6 8. Qd2 h6 9. Nf3 exd5 10. e3 O-O 11.
Be2 c6 12. b4 Nd7 13. O-O Re8 14. a4 Nf6 15. Rfc1 Ne4 16. Qb2 a5 17. b5 c5 18.
Rd1 Bg4 19. Nxe4 dxe4 20. Ne5 Bxe2 21. Qxe2 cxd4 22. exd4 Qd5 23. Nc4 Rad8 24. Nxa5 Bxd4 25. Rac1 Rc8 26. Nc4 Rcd8 27. Ne3 Qg5 28. g3 Bxe3 29. Qxe3 Qxe3 30. fxe3 Rd3 31. Rxd3 exd3 32. Kf2 Re4 33. Ra1 Rb4 34. Ra3 Kg7 35. Rxd3 Rxa4 36. Rd7 Ra2+ 37.
Kg1 Re2 38. Rxb7 Rxe3 39. Rc7 Rb3 40. Rc5 h5 41. Kg2 f5 42. h4 Kf6 43. Rc6+ Kg7 44. b6 Kh6 45. Kf2 Rb2+ 46. Kf3 Rb3+ 47. Kf4 Rb4+ 48. Ke5 Rb3 49. Kf6 Rxg3 50. Rc8 Kh7 51.
b7 1-0

[Event "*** Titled Tuesday Blitz"]
[Site "Chess.com"]
[Date "2020.05.12"]
[Round "1"]
[White "Bacyanide"]
[Black "halfnatty"]
[Result "0-1"]
[WhiteElo "2393"]
[BlackElo "2743"]
[TimeControl "180+1"]
[EndTime "10:07:23 PDT"]
[Termination "halfnatty won by checkmate"]

1. d4 Nf6 2. Nf3 d5 3. Bf4 e6 4. e3 c5 5. Nbd2 Nc6 6. c3 Be7 7. Bd3 Nh5 8. Bg3 O-O 9. Qe2 g6 10. Ne5 Nxg3 11. hxg3 Nxe5 12. dxe5 d4 13. exd4 cxd4 14.
c4 Bd7 15. O-O-O a5 16. Kb1 a4 17. Nf3 a3 18. b3 Qa5 19. Nxd4 Qc3 20. Be4 Bc5 21. Nf3 Rad8 22. Rd3 Qa5 23. Ng5 Be7 24. Nxh7 Qxe5 25. Qc2 Rfe8 26. Re3 Qg7 27. g4 Bc6 28. Bxc6 bxc6 29. Reh3 Rd7 30. g5 Red8 31. Nf6+ Bxf6 32. gxf6 Qxf6 33. Rf3 Rd1+ 34. Rxd1 Rxd1+ 35. Qxd1 Qb2# 0-1

[Event "*** Titled Tuesday Blitz"]
[Site "Chess.com"]
[Date "2020.05.12"]
[Round "1"]
[White "MusicCityMaster"]
[Black "MaxVavulin"]
[Result "0-1"]
[WhiteElo "2314"]
[BlackElo "2635"]
[TimeControl "180+1"]
[EndTime "10:07:23 PDT"]
[Termination "MaxVavulin won by checkmate"]

1. e4 e5 2. Nf3 Nc6 3. Bb5 a6 4. Ba4 Nge7 5. O-O g6 6. Nc3 Bg7 7. d3 b5 8. Bb3 Na5 9. Bd5 c6 10. Bb3 O-O 11. Ne2 d5 12. Ng3 Nxb3 13. axb3 f5 14. Bg5 f4 15. Ne2 h6 16. Bxe7 Qxe7 17. Nd2 g5 18. f3 g4 19. fxg4 Bxg4 20. Nf3 h5 21. Kh1 Qd6 22. Qe1 Qg6 23. Nc3 b4 24.
Na4 a5 25. Nc5 Qd6 26. Na4 Rae8 27. Rd1 Bf6 28. c3 Kh8 29. cxb4 axb4 30. Rc1 Rc8 31. Nc5 Rb8 32. Qd2 Rb5 33. d4 Bxf3 34. Rxf3 exd4 35. Rh3 Rxc5 36. Rxh5+ Kg8 37. Rxc5 Qxc5 38. Qxf4 Bg7 39.
Qg4 Rf1# 0-1

[Event "*** Titled Tuesday Blitz"]
[Site "Chess.com"]
[Date "2020.05.12"]
[Round "1"]
[White "Boninknights"]
[Black "IwkooO"]
[Result "1-0"]
[WhiteElo "2236"]
[BlackElo "2538"]
[TimeControl "180+1"]
[EndTime "10:07:23 PDT"]
[Termination "Boninknights won by resignation"]

1. d4 Nf6 2. Nf3 e6 3. c4 c5 4.
d5 b5 5. Bg5 exd5 6. cxd5 h6 7.
Bxf6 Qxf6 8. e4 Qb6 9. Nbd2 d6 10. a4 bxa4 11. Qxa4+ Bd7 12. Qa3 Be7 13. Nc4 Qc7 14. Bd3 O-O 15. O-O Bg4 16. Nfd2 Nd7 17. f4 Bf6 18. e5 dxe5 19. d6 Qd8 20. f5 Nb6 21. h3 Nxc4 22. Nxc4 e4 23. Bxe4 Be2 24. Rfc1 Rb8 25. Bd3 Bd4+ 26. Kh1 Bxd3 27. Qxd3 Qd7 28. Ra2 Rb7 29. Qe4 Re8 30. Qd5 Reb8 31. Re1 Qd8 32.
b3 Rxb3 33. Rxa7 Rb1 34. Qxf7+ Kh8 35. Re7 Bf6 36. Re6 Rxe1+ 37. Rxe1 Qc8 38. d7 Qb7 39. Re8+ 1-0

[Event "*** Titled Tuesday Blitz"]
[Site "Chess.com"]
[Date "2020.05.12"]
[Round "1"]
[White "ama18"]
[Black "levallem"]
[Result "1-0"]
[WhiteElo "2508"]
[BlackElo "2110"]
[TimeControl "180+1"]
[EndTime "10:07:23 PDT"]
[Termination "ama18 won by resignation"]

1. e4 c5 2. Nf3 Nc6 3. d4 cxd4 4. Nxd4 g6 5. c4 Nf6 6. Nc3 Nxd4 7. Qxd4 d6 8. f3 Bg7 9. Be3 O-O 10. Qd2 Qa5 11. Be2 Be6 12. Rc1 Rfc8 13. b3 a6 14. Nd5 Qxd2+ 15. Kxd2 Nxd5 16. exd5 Bd7 17. h4 h5 18. g4 hxg4 19. fxg4 e6 20. dxe6 Bxe6 21. Bf3 d5 22. c5 Rd8 23. h5 Rd7 24. Bf4 Rc8 25.
h6 Bd4 26. Kd3 Bf6 27. g5 Bf5+ 28. Kd2 Bd4 29. h7+ Kh8 30. Bd6 b6 31. b4 Be4 32.
Bxe4 dxe4 33. Ke2 bxc5 34. bxc5 Rc6 35. Rhd1 Kxh7 36. Rxd4 Kg7 37. Be5+ Kf8 38. Rxd7 1-0

[Event "*** Titled Tuesday Blitz"]
[Site "Chess.com"]
[Date "2020.05.12"]
[Round "1"]
[White "WinningButNotReally"]
[Black "ChristopherYoo"]
[Result "0-1"]
[WhiteElo "2450"]
[BlackElo "2904"]
[TimeControl "180+1"]
[EndTime "10:07:24 PDT"]
[Termination "ChristopherYoo won by resignation"]

1. Nf3 Nf6 2. c4 g6 3. g3 Bg7 4.
Bg2 O-O 5. O-O b6 6. d4 Bb7 7.
Nc3 Ne4 8. Qc2 Nxc3 9. bxc3 c5 10. Ba3 Nc6 11. Rad1 Na5 12. dxc5 Nxc4 13. Qa4 Nxa3 14.
Qxa3 bxc5 15. Qxc5 d6 16. Qb4 Qc7 17. Nd4 Bxg2 18.
Kxg2 Rfc8 19. Rc1 Rab8 20. Qa4 Rb2 21. Rfe1 e5 22. Nf3 d5 23. Qa3 Rcb8 24. Rcd1 e4 25.
Nd4 Qc4 26. Qxa7 Qxc3 27. Nb3 Rf8 28. Qc5 Rxb3 29. Qxf8+ Bxf8 30. axb3 Qxb3 31. e3 h5 32. h4 Kg7 33. Rc1 Bd6 34. Red1 Be5 35. Rd2 Bc3 36.
Re2 Kf6 37. Rec2 d4 38. exd4 Bxd4 39. Rd2 Qf3+ 40. Kh2 Bxf2 0-1

[Event "*** Titled Tuesday Blitz"]
[Site "Chess.com"]
[Date "2020.05.12"]
[Round "1"]
[White "dopolian"]
[Black "attack2mateU"]
[Result "0-1"]
[WhiteElo "2301"]
[BlackElo "2621"]
[TimeControl "180+1"]
[EndTime "10:07:24 PDT"]
[Termination "attack2mateU won by resignation"]

1. e4 c5 2. Nf3 d6 3. d4 cxd4 4. Nxd4 Nf6 5. Nc3 a6 6. h3 e5 7. Nde2 h5 8. g3 Be6 9. Bg2 Nbd7 10. O-O b5 11. Bg5 Be7 12. a3 O-O 13. f4 a5 14. f5 Bc4 15. b3 Bxe2 16. Qxe2 b4 17.
axb4 axb4 18. Rxa8 Qxa8 19. Na4 Qc6 20. Nb2 Qc3 21. Nd3 Rc8 22. Bd2 Qd4+ 23. Be3 Qc3 24. Bd2 Qc7 25. Bxb4 Qxc2 26. Qxc2 Rxc2 27. Rd1 Kf8 28.
Nf2 Nc5 29. Bxc5 dxc5 30. Nd3 Rc3 31. Kh2 Rxb3 32. Nxe5 h4 33. gxh4 Nh5 34. Ng4 Nf4 35. e5 Rb2 36. Rg1 Bxh4 37. Ne3 Bf2 38. Rd1 Bxe3 39. Rd8+ Ke7 40. Rg8 Rxg2+ 41. Kh1 0-1

[Event "*** Titled Tuesday Blitz"]
[Site "Chess.com"]
[Date "2020.05.12"]
[Round "1"]
[White "zala02"]
[Black "Escanor89"]
[Result "0-1"]
[WhiteElo "2254"]
[BlackElo "2581"]
[TimeControl "180+1"]
[EndTime "10:07:24 PDT"]
[Termination "Escanor89 won by resignation"]

1. d4 Nf6 2. c4 g6 3. Nc3 Bg7 4. e4 d6 5. Nf3 O-O 6. Be2 Bg4 7.
Be3 Nfd7 8. Rc1 c5 9. d5 Na6 10. O-O Nc7 11. h3 Bxf3 12. Bxf3 a6 13. a4 Rb8 14.
Be2 Re8 15. Bf4 e6 16. dxe6 Rxe6 17. Bxd6 Bd4 18. Bg3 Nf6 19. Bf3 Rc8 20. Re1 Nd7 21. Qc2 Ne5 22. Be2 Ne8 23. Nd5 Nd6 24. Bxe5 Rxe5 25.
Bf3 b5 26. axb5 axb5 27. cxb5 Nxb5 28. Rcd1 Nd6 29. g3 h5 30. Bg2 h4 31. Kh2 hxg3+ 32. fxg3 Kg7 33. b3 Qd7 34. Rf1 Qe6 35. Rde1 Re8 36.
Rf4 Rxd5 37. Ref1 Re5 38. h4 Re7 39. Bh3 Rxe4 40. Bxe6 R4xe6 41. Kh3 Ne4 42. Qc1 Nf6 43. R4f3 Nd5 44. Qb1 Rf6 45. Qd1 Rxf3 46. Qxf3 Nf6 47. g4 Re3 48. Kg2 Rxf3 49. Rxf3 Nd5 50. g5 Ne7 51.
Rd3 Nf5 52. b4 Nxh4+ 53. Kf1 Nf5 54. bxc5 Bxc5 55. Rc3 Be3 56. Ke2 Bxg5 57. Rc7 Bf6 58. Rb7 g5 59. Kf3 Kg6 60. Kg4 Nh6+ 61. Kg3 g4 62.
Rb6 Kg5 63. Rb5+ Nf5+ 64. Kg2 Be7 65. Rb7 f6 66. Rd7 Bd6 67. Rd8 Be5 68. Rg8+ Kf4 69.
Rf8 Ne3+ 70. Kg1 f5 71. Rg8 g3 0-1

[Event "*** Titled Tuesday Blitz"]
[Site "Chess.com"]
[Date "2020.05.12"]
[Round "1"]
[White "TargetA"]
[Black "I_Hit_18K_on_BS"]
[Result "1-0"]
[WhiteElo "2553"]
[BlackElo "2210"]
[TimeControl "180+1"]
[EndTime "10:07:24 PDT"]
[Termination "TargetA won by checkmate"]

1. e4 c5 2. Nf3 d6 3. Nc3 Nf6 4. Bb5+ Nbd7 5. d4 a6 6. Bxd7+ Nxd7 7. O-O g6 8. dxc5 Nxc5 9. Be3 Ne6 10. Bd4 Nxd4 11.
Qxd4 Rg8 12. Nd5 Bg7 13. Qe3 Bg4 14. c4 e6 15. Nb6 Rb8 16. Rad1 Bxf3 17. gxf3 Qh4 18.
f4 Bh6 19. Qg3 Qd8 20. c5 Qc7 21. Rxd6 Qxc5 22. Rfd1 Bf8 23. Nd7 Qxd6 24. Rxd6 Bxd6 25. Nxb8 Bxb8 26. e5 Kf8 27. Qh4 Bc7 28. Qxh7 Rg7 29. Qh8+ Rg8 30. Qh4 Ke8 31. Qg3 Bd8 32. Qf3 g5 33. f5 g4 34. Qe4 exf5 35. Qxf5 Kf8 36. e6 f6 37. Qh5 Rg7 38. Qh8+ Ke7 39. Qxg7+ Kxe6 40. Qxb7 Ke5 41. Qb8+ Kf5 42. Qxd8 Kg5 43. Qe7 Kf5 44. Kg2 Kg6 45. Kg3 f5 46. Kf4 a5 47.
Ke5 Kh5 48. Kf6 Kh4 49. Qh7# 1-0

[Event "*** Titled Tuesday Blitz"]
[Site "Chess.com"]
[Date "2020.05.12"]
[Round "1"]
[White "stolencandy13"]
[Black "Mazanchenko_Dmitry"]
[Result "1-0"]
[WhiteElo "2510"]
[BlackElo "2127"]
[TimeControl "180+1"]
[EndTime "10:07:24 PDT"]
[Termination "stolencandy13 won on time"]

1. e4 c5 2. Nf3 d6 3. d4 Nf6 4.
Nc3 cxd4 5. Nxd4 Nc6 6. Bg5 Qb6 7. Nb3 e6 8. Qd2 a6 9. O-O-O Be7 10. f3 Bd7 11. g4 h6 12. Bf4 Ne5 13. Be2 Qc7 14. h4 O-O-O 15. Be3 Bc6 16. Nd4 d5 17. g5 hxg5 18.
hxg5 Rxh1 19. Rxh1 Ne8 20. Nxc6 Qxc6 21. Qd4 Nd7 22.
exd5 exd5 23. Qxd5 Qxd5 24. Nxd5 Bc5 25. Bd2 Nb6 26.
Nxb6+ Bxb6 27. Rh8 Nd6 28. Rxd8+ Kxd8 29. Bd3 Kd7 30.
Kd1 Bd8 31. Ke2 b5 32. a4 Ke6 33. axb5 axb5 34. f4 Nc4 35. Bc3 f6 36. f5+ Kd5 37.
b3 1-0

[Event "*** Titled Tuesday Blitz"]
[Site "Chess.com"]
[Date "2020.05.12"]
[Round "1"]
[White "DenisQ"]
[Black "Sunnika"]
[Result "1-0"]
[WhiteElo "2647"]
[BlackElo "2325"]
[TimeControl "180+1"]
[EndTime "10:07:25 PDT"]
[Termination "DenisQ won by resignation"]

1. Nf3 d5 2. c4 e6 3. g3 Nf6 4. Bg2 dxc4 5. Qa4+ c6 6. Qxc4 b5 7. Qc2 Bb7 8. O-O Nbd7 9. a4 b4 10. d3 c5 11. Nbd2 Be7 12. Nc4 O-O 13. b3 Qc7 14.
Bf4 Qd8 15. Rac1 Nd5 16. Bd2 h6 17. e4 Nc7 18. Rfd1 Rc8 19. Bf4 f6 20. Qe2 e5 21.
Be3 Ne6 22. Bh3 Ng5 23. Nxg5 hxg5 24. f4 exf4 25. gxf4 g6 26. fxg5 fxg5 27. Qg2 Kg7 28.
d4 Bf6 29. d5 Ne5 30. Nxe5 Bxe5 31. Bxc8 Bxc8 32. Qxg5 Qd6 33. Bxc5 Bxh2+ 34. Kh1 Qe5 35. Bxf8+ Kxf8 36. Qxe5 Bxe5 37. Rxc8+ Ke7 38. Rc6 1-0

[Event "*** Titled Tuesday Blitz"]
[Site "Chess.com"]
[Date "2020.05.12"]
[Round "1"]
[White "TheCount"]
[Black "atwalcb"]
[Result "1-0"]
[WhiteElo "2602"]
[BlackElo "2287"]
[TimeControl "180+1"]
[EndTime "10:07:26 PDT"]
[Termination "TheCount won by resignation"]

1. d4 d6 2. Nf3 Bg4 3. Nbd2 Nf6 4.
g3 Nbd7 5. Bg2 e5 6. O-O c6 7. dxe5 dxe5 8. Nc4 Qc7 9. Bg5 b5 10. Bxf6 gxf6 11. Ne3 Be6 12. Nh4 Bc5 13. Nhf5 O-O-O 14. c3 Nb6 15. Qc2 Nc4 16. Nxc4 Bxc4 17. b4 Bb6 18. Bxc6 Kb8 19. Bf3 Rc8 20. Qe4 Bxf2+ 21. Rxf2 Qb6 22. Ne7 Rce8 23. Rd1 Kc7 24. Nd5+ Bxd5 25.
Rxd5 Re6 26. Rc5+ Kd7 27. e3 Rd6 28. Qf5+ Ke7 29. Rxe5+ fxe5 30. Qxe5+ Kd7 31. Qxh8 Qxe3 32. Kg2 Rd2 33. Bg4+ Ke7 34. Qf6+ Ke8 35. Qxf7+ Kd8 36. Rxd2+ Qxd2+ 37. Qf2 Qd5+ 38. Bf3 Qc4 39. Qe2 Qxc3 40. Qxb5 Qb2+ 41. Qe2 Qxb4 42. h4 a5 43. h5 Qd4 44.
Qd1 Qxd1 45. Bxd1 1-0

[Event "*** Titled Tuesday Blitz"]
[Site "Chess.com"]
[Date "2020.05.12"]
[Round "1"]
[White "DrVitman"]
[Black "politeplayer"]
[Result "1-0"]
[WhiteElo "2544"]
[BlackElo "2207"]
[TimeControl "180+1"]
[EndTime "10:07:26 PDT"]
[Termination "DrVitman won by checkmate"]

1. e4 e6 2. b3 b6 3. Bb2 Bb7 4. Qe2 c5 5. Nc3 Nc6 6. O-O-O a6 7. f4 Qc7 8. g3 Nf6 9. Bg2 Be7 10. Nf3 Nd4 11.
Qe3 Ng4 12. Qe1 Rc8 13. h3 Nf6 14. Qe3 b5 15. d3 O-O 16. g4 Nxf3 17. Bxf3 c4 18.
dxc4 bxc4 19. g5 cxb3 20. gxf6 bxc2 21. Kxc2 Bxf6 22. e5 Be7 23. Rd3 f6 24. Rhd1 Bxf3 25. Qxf3 fxe5 26. Rxd7 Rxf4 27. Qg2 Qc5 28. R1d2 Bf6 29.
Kb1 Rd4 30. Ne4 Qc6 31. Nxf6+ Kh8 32. Qxc6 Rxc6 33. Rd8+ Rxd8 34. Rxd8# 1-0

[Event "*** Titled Tuesday Blitz"]
[Site "Chess.com"]
[Date "2020.05.12"]
[Round "1"]
[White "TERMINATOR_PC"]
[Black "Oleksandr_Bortnyk"]
[Result "0-1"]
[WhiteElo "2461"]
[BlackElo "2976"]
[TimeControl "180+1"]
[EndTime "10:07:27 PDT"]
[Termination "Oleksandr_Bortnyk won by resignation"]

1. e4 Nf6 2. e5 Nd5 3. d4 d6 4. c4 Nb6 5. exd6 exd6 6. Nc3 Be7 7. Bd3 O-O 8. Nge2 Bg4 9. O-O Bf6 10. f3 Bh5 11. b3 Re8 12. Ne4 Nc6 13. Bb2 d5 14.
Nxf6+ Qxf6 15. c5 Nd7 16. Qd2 Bg6 17. Rad1 Bxd3 18. Qxd3 Nxc5 19. dxc5 Qxb2 20. Nf4 d4 21. Nd5 Re2 22. Nf4 Re5 23. Rf2 Qc3 24. Qxc3 dxc3 25. Rc2 Rxc5 26. Nd3 Rd5 27. Nf2 Nd4 28. Ne4 Nxf3+ 29.
gxf3 Rxd1+ 30. Kf2 Rad8 31. Rxc3 c6 32. Kg3 f5 33.
Nc5 b6 34. Ne6 R8d6 35. Nf4 g5 36. Ne2 Kf7 37. h4 h6 38. hxg5 hxg5 39. f4 R1d3+ 40. Rxd3 Rxd3+ 41. Kf2 gxf4 42. Nxf4 Rd2+ 43. Ke3 Rxa2 44.
Nd3 Ke6 45. Kd4 c5+ 46. Kc3 Kd5 47. b4 Ra3+ 48. Kd2 Rxd3+ 0-1

[Event "*** Titled Tuesday Blitz"]
[Site "Chess.com"]
[Date "2020.05.12"]
[Round "1"]
[White "Khamrakulov_Djurabek"]
[Black "zmeeed67"]
[Result "1-0"]
[WhiteElo "2818"]
[BlackElo "2425"]
[TimeControl "180+1"]
[EndTime "10:07:27 PDT"]
[Termination "Khamrakulov_Djurabek won by resignation"]

1. e4 c5 2. c3 d5 3. exd5 Qxd5 4. d4 Nc6 5. Nf3 Bg4 6. Be2 cxd4 7. cxd4 e6 8. Nc3 Qa5 9. h3 Bh5 10. O-O Nf6 11.
a3 Be7 12. Be3 O-O 13. b4 Qd8 14. Qd2 Rc8 15. Rfd1 Nd5 16. Na4 Bf6 17. Rac1 b6 18.
Qb2 Nce7 19. g4 Nxe3 20. fxe3 Bg6 21. g5 Bxg5 22. Nxg5 Nf5 23. Nf3 Nxe3 24. Rxc8 Qxc8 25. Rc1 Qb8 26. Kf2 Nf5 27. Rg1 Rc8 28. Nc3 Bh5 29. Rg2 Bxf3 30. Bxf3 Nxd4 31. Ne2 e5 32. Nxd4 exd4 33.
Qxd4 Rc2+ 34. Ke1 Rxg2 35. Bxg2 Qg3+ 36. Kf1 g6 37. a4 Qa3 38. a5 bxa5 39. Qd8+ Kg7 40.
bxa5 Qc1+ 41. Ke2 Qc2+ 42. Qd2 Qc4+ 43. Ke3 Qb3+ 44. Qd3 Qa2 45. Qc3+ Kg8 46. Be4 Qh2 47. Qc8+ Kg7 48. a6 Qg3+ 49. Kd4 Qf4 50. Qc3 Qf2+ 51. Kd5+ f6 52. Qc5 Kh6 53. Qxf2 1-0